 Dungeon Crawl Stone Soup version 0.31-a0-819-gf6de2f5ab6 (webtiles) character file.

Game seed: 5304509818757741899

642 Leeroy the Mimic (level 7, -1/72 HPs)
             Began as a Merfolk Shapeshifter on Sept 23, 2023.
             Engulfed by a cloud of flame (10 damage)
             ... on level 6 of the Dungeon.
             The game lasted 00:10:10 (3089 turns).

Leeroy the Mimic (Merfolk Shapeshifter)             Turns: 3089, Time: 00:10:12

Health: -1/72      AC:  2    Str: 16    XL:     7   Next: 51%
Magic:  7/7        EV: 15    Int:  9    God:
Gold:   72         SH:  0    Dex: 20    Spells: 6/6 levels left

rFire   . .          .
                       - Unarmed
rCold   . . .        (no shield)
rNeg    . . .        a - +0 animal skin
rPois   +            (helmet currently unavailable)
rElec   .            (cloak currently unavailable)
rCorr   .            (gloves currently unavailable)
SInv    .            (boots currently unavailable)
Will    .....        m - amulet of regeneration Stlth
                     i - +6 ring of dexterity
HPRegen 1.12/turn    t - ring of poison resistance
MPRegen 0.10/turn

%: no passive effects
@: berserking, beast-form, very quick
A: beast (slay +4), (nimble swimmer 2), mertail
a: Begin Untransformation


You were on level 6 of the Dungeon.
You were a hulking beast.
You visited 1 branch of the dungeon, and saw 6 of its levels.
You also visited: Sewer.

You collected 212 gold pieces.
You spent 140 gold pieces at shops.

Inventory:

Hand Weapons
 B - the +6 shillelagh "Devastator" {shatter}
   (You found it on level 5 of the Dungeon)
Armour
 a - a +0 animal skin (worn)
 b - a +0 troll leather armour {Pargi}
 k - an orb of energy
 l - an orb of guile
 y - a +0 helmet
 A - the +0 ring mail of the Cobbler {Int+2}
   (You found it on level 5 of the Dungeon)

   Int+2:     It affects your intelligence (+2).
Jewellery
 i - a +6 ring of dexterity (left hand)
 m - an amulet of regeneration (around neck)
 t - a ring of poison resistance (right hand)
Talismans
 c - a beast talisman (active)
 d - a flux talisman
 q - a maw talisman
Wands
 r - a wand of mindburst (3) (quivered)
 s - a wand of iceblast (12)
Scrolls
 f - 3 scrolls of identify
 g - 2 scrolls of enchant armour
 v - 2 scrolls of enchant weapon
Potions
 e - a potion of berserk rage
 h - 2 potions of brilliance {unknown}
 j - a potion of cancellation {unknown}
 p - 3 potions of attraction {unknown}
 u - 2 potions of haste {unknown}
 x - 2 potions of curing {unknown}
 z - a potion of heal wounds


   Skills:
 - Level 1.1 Fighting
 - Level 4.7 Dodging
 - Level 3.2 Unarmed Combat
 + Level 9.7 Shapeshifting


You had 6 spell levels left.
You didn't know any spells.
Your spell library contained the following spells:

 Spells                   Type           Power      Damage    Failure   Level
 Wereblood                Tmut           0%         N/A       52%         2
 Call Canine Familiar     Summ           0%         N/A       77%         3
 Sigil of Binding         Hex            0%         N/A       77%         3
 Dimensional Bullseye     Hex/Tloc       0%         N/A       99%         4
 Leda's Liquefaction      Hex/Erth       0%         N/A       99%         4
 Summon Ice Beast         Ice/Summ       0%         N/A       99%         4
 Irradiate                Conj/Tmut      0%         3d11      100%        5
 Summon Mana Viper        Hex/Summ       0%         N/A       100%        5
 Monstrous Menagerie      Summ           0%         N/A       100%        7


Dungeon Overview and Level Annotations

Branches:
Dungeon (6/15)             Temple (0/1) D:4           Sewer (visited)

Altars:

Shops:
D:4 !

Annotations:
D:6 Sigmund


Innate Abilities, Weirdness & Mutations

You are a hulking beast.
Your limbs bulge with bestial killing power. (Slay +4)
((You are very nimble when in or above water. (Stealth+, EV+, Speed+++)))
Your lower body shifts to a powerful aquatic tail in water.


Message History

A black bear comes into view.
The quokka attacks as it pursues you! The quokka barely misses you.
As you read the scroll labelled ERULON BA COLO, it crumbles to dust.
The creatures around you are filled with an inner flame!
It was a scroll of immolation.
The quokka bites you. Something hits you. The quokka misses you.
The air fills with toxic fumes!
As you read the scroll labelled BEMMAOH RUMAMN, it crumbles to dust.
It was a scroll of poison.
The quokka bites you.
Okay, then.
Okay, then.
Aiming: Mindburst
Press: ? - help, Shift-Dir - straight line, f - black bear
Aim: a black bear (inner flame, chance to affect: 64%)
The black bear's mind is blasted!!
Flame seeps out of the black bear.
Something barely misses you.
The black bear is engulfed in blazing flames.
The black bear explodes!
The quokka barely misses you.
You hit the quokka.
Flame seeps out of the quokka.
The quokka is severely wounded.
The quokka bites you. Something hits you.
You barely miss the quokka.
The quokka is severely wounded.
The quokka closely misses you.
Okay, then.
A red film seems to cover your vision as you go berserk!
You feel yourself moving faster!
You feel mighty! The quokka closely misses you. Something barely misses you.
The quokka bites you.
You barely miss the quokka.
The quokka is heavily wounded.
You punch the quokka!
The quokka explodes!
The fiery explosion engulfs you!!!
Ouch! That really hurt!
* * * LOW HITPOINT WARNING * * *
The fiery explosion engulfs something!
Flame seeps out of something.
You are engulfed in blazing flames.
You die...

##...
##..#.#
##<..#{##
#.......+
##...####
#§§.#
#§##.#
#####§#
#.#
#§h§{§§#
##
#§###§§#
#§ #§§.
#. #..##
#§ #...
#§ #..#
#☼ #..#
#§


There were no monsters in sight!

Vanquished Creatures
  A water moccasin (Sewer)
  Pargi (D:4)
  2 black bears
  A phantom (D:5)
  A scorpion (D:4)
  An orc wizard (D:4)
  6 adders
  2 worms (D:4)
  A dart slug (D:1)
  7 orcs
  5 ball pythons
  2 endoplasms
  4 giant cockroaches
  6 hobgoblins
  3 jackals (D:5)
  3 kobolds
  4 quokkas
  3 bats (D:1)
  3 frilled lizards
  3 goblins
  3 rats
62 creatures vanquished.

Notes
Turn   | Place    | Note
-------+----------+-------------------------------------------
     0 | D:1      | Leeroy the Merfolk Shapeshifter began the quest for the
                  | Orb.
     0 | D:1      | Reached XP level 1. HP: 15/15 MP: 1/1
   322 | D:1      | Reached XP level 2. HP: 15/21 MP: 2/2
  1079 | D:2      | Reached XP level 3. HP: 26/26 MP: 3/3
  1820 | D:3      | Found a faded altar of an unknown god.
  1867 | D:4      | Noticed a black bear
  1898 | D:5      | Entered Level 5 of the Dungeon
  1898 | D:5      | Noticed an ogre
  1898 | D:5      | Found the +6 shillelagh "Devastator" {shatter}
  1905 | D:4      | Killed a black bear
  1906 | D:4      | Reached skill level 6 in Shapeshifting
  1906 | D:4      | Reached XP level 4. HP: 32/32 MP: 4/4
  1906 | D:4      | Reached XP level 5. HP: 37/37 MP: 5/5
  1943 | D:4      | Noticed Pargi
  1955 | D:4      | Killed Pargi
  1956 | D:4      | Reached skill level 7 in Shapeshifting
  1956 | D:4      | Reached XP level 6. HP: 43/43 MP: 6/6
  1983 | D:4      | Found Xuefazay's Distillery.
  2106 | D:4      | Found a glowing drain.
  2112 | Sewer    | Entered a sewer
  2207 | Sewer    | Noticed a water moccasin
  2216 | Sewer    | Killed a water moccasin
  2217 | Sewer    | Reached skill level 8 in Shapeshifting
  2335 | D:4      | Found a staircase to the Ecumenical Temple.
  2464 | D:4      | Bought a potion of berserk rage for 70 gold pieces
  2464 | D:4      | Bought a potion of heal wounds for 70 gold pieces
  2631 | D:4      | Reached XP level 7. HP: 48/48 MP: 7/7
  2908 | D:5      | Identified the +0 ring mail of the Cobbler {Int+2}
  2934 | D:5      | Reached skill level 9 in Shapeshifting
  3070 | D:6      | Noticed Sigmund
  3089 | D:6      | Engulfed by a cloud of flame

Illustrated notes

Levels and vault maps discovered:
D:1:      dpeg_arrival_tiny_k, layout_loops_corners
D:2:      layout_basic
D:3:      layout_basic, minmay_overflow_temple_star_quad,
          nicolae_gozag_cash_rules_everything_around_me,
          mainiacjoe_overflow_two_lobes, ebering_ecumenical_altar_sacrificial
D:4:      layout_loops_ring, temple_doors_ab, gup_sewer_entry_bubbles,
          kennysheep_small_square, uniq_pargi
D:5:      layout_gridville, serial_shops, nicolae_shop_just_a_little_nook,
          ebering_ghost_reflecting_pool, nicolae_specific_store,
          serial_bayou_lagoon_a, dilly_guarded_unrand_devastator
D:6:      layout_loops_corners, nicolae_ossuary_entry_plus,
          chequers_serial_rivers_small_a, uniq_grinder, uniq_pikel,
          uniq_sigmund, uniq_menkaure

Skill      XL: |  1  2  3  4  5  6  7 |
---------------+----------------------+-----
Dodging        | 3 4 |  4.7
Shapeshifting  | 6 7 8 9 |  9.7
Fighting       | |  1.1
Unarmed Combat | |  3.2

Action                     |  1- 3 |  4- 6 |  7- 9 || total
---------------------------+-------+-------+-------++-------
  Melee: Unarmed           |    65 |    58 |    50 ||   173
         Punch             |     2 |     1 |     1 ||     4
         Tailslap          |       |     4 |       ||     4
  Evoke: Wand              |       |     7 |     1 ||     8
    Use: Scroll            |     1 |     1 |     4 ||     6
         Potion            |     1 |       |     1 ||     2
   Stab: Sleeping          |     2 |     5 |       ||     7
 Armour: Animal skin       |    28 |    20 |    29 ||    77
         Skin              |     6 |       |       ||     6
  Dodge: Dodged            |    43 |    28 |    53 ||   124

Table legend: (Time is in decaauts)
 A = Elapsed time spent in this place.
 B = Non-inter-level travel time spent in this place.
 C = Inter-level travel time spent in this place.
 D = Time resting spent in this place.
 E = Time spent auto-exploring this place.
 F = Levels seen in this place.
 G = Mean time per level.
                   A        B        C        D        E       F      G
               +--------+--------+--------+--------+--------+-----+--------+
         Total |   3042 |   2869 |    173 |     64 |   2141 |   7 |  434.6 |
       Dungeon |   2891 |   2718 |    173 |     64 |   2045 |   6 |  481.8 |
         Sewer |    150 |    150 |      0 |      0 |     95 |   1 |  150.0 |
               +--------+--------+--------+--------+--------+-----+--------+

Top non-repeatable levels by time:
     D:4: 838 daAuts
     D:2: 828 daAuts
     D:1: 792 daAuts
     D:3: 226 daAuts
     D:5: 186 daAuts
   Sewer: 150 daAuts
     D:6: 18 daAuts
